 Dungeon Crawl Stone Soup version 0.18.1-50-g88ac8fd (webtiles) character file.

105 Aziraphale the Conjurer (level 4, -1/24 HPs)
             Began as a Tengu Conjurer on Sept 19, 2016.
             Killed by divine providence
             ... invoked by an orc priest
              (13 damage)
             ... on level 4 of the Dungeon on Sept 20, 2016.
             The game lasted 00:13:53 (2450 turns).

Aziraphale the Conjurer (Tengu Conjurer)            Turns: 2450, Time: 00:13:54

Health: -1/24      AC:  2    Str:  8    XL:     4   Next: 83%
Magic:  2/8        EV: 12    Int: 16    God:
Gold:   290        SH:  0    Dex: 15    Spells: 2 memorised, 4 levels left

rFire  . . .     SeeInvis .     x - +0 quarterstaff
rCold  . . .     Gourm    .     a - +0 robe
rNeg   . . .     Faith    .     (shield currently unavailable)
rPois  .         Spirit   .     (helmet restricted)
rElec  .         Dismiss  .     (no cloak)
rCorr  .         Reflect  .     (no gloves)
SustAt .         Harm     .     (boots unavailable)
MR     .....                    o - amulet of magic regeneration
Stlth  ++........               (no ring)
                                i - ring of flight

@: not resistant to hostile enchantments, unstealthy
A: beak, talons 3
a: Evoke Flight


You were on level 4 of the Dungeon.
You were not hungry.

You visited 1 branch of the dungeon, and saw 4 of its levels.

You collected 290 gold pieces.

Inventory:

Hand Weapons
 h - a +0 short sword
 x - a +0 quarterstaff (weapon)
Missiles
 d - a throwing net (quivered)
 j - 41 sling bullets
 q - 38 poisoned needles
 s - 30 stones
Armour
 a - a +0 robe (worn)
Jewellery
 i - a ring of flight (left hand)
 o - an amulet of magic regeneration (around neck)
Scrolls
 f - 2 scrolls of teleportation {unknown}
 g - 4 scrolls of remove curse {unknown}
 k - a scroll of noise {unknown}
 m - 5 scrolls of identify {unknown}
 u - 2 scrolls of blinking {unknown}
 y - a scroll of recharging {unknown}
 C - a scroll of enchant armour {unknown}
Potions
 e - a potion of degeneration {unknown}
 l - a potion of curing
 r - a potion of heal wounds {unknown}
 v - 2 potions of might {unknown}
 w - a potion of invisibility {unknown}
 A - 2 potions of brilliance {unknown}
 B - a potion of resistance {unknown}
Books
 b - a book of Conjurations

   Spells                             Type                      Level
   a - Magic Dart                     Conjuration                  1
   b - Searing Ray                    Conjuration                  2
   c - Dazzling Spray                 Conjuration/Hexes            3
   d - Fulminant Prism                Conjuration/Hexes            4
   e - Iskenderun's Mystic Blast      Conjuration                  4
   f - Iskenderun's Battlesphere      Conjuration/Charms           5
Comestibles
 c - a bread ration
 n - 2 meat rations
 p - 2 beef jerkies
 t - a slice of pizza
 z - 11 fruits
 D - a royal jelly


   Skills:
 - Level 2.1 Dodging
 - Level 2.0 Stealth
 + Level 2.5 Spellcasting
 - Level 7.0 Conjurations
 * Level 1.2 Hexes


You had 4 spell levels left.
You knew the following spells:

 Your Spells              Type           Power        Failure   Level  Hunger
a - Magic Dart            Conj           ###.         1%          1    #......
b - Dazzling Spray        Conj/Hex       ###...       12%         3    ###....


Dungeon Overview and Level Annotations

Branches:
Dungeon (4/15)
 Temple: D:4-7

Altars:
Fedhas
Makhleb
Sif Muna


Innate Abilities, Weirdness & Mutations

You have a beak for a mouth.
You have claws for feet.


Message History

Casting: Magic Dart
Confirm with . or Enter, or press ? or * to list all spells.
Aiming: Magic Dart
Press: ? - help, Shift-Dir - straight line, f/p - orc priest
Aim: an orc priest, wielding a club and wearing a leather armour (moderately wounded)
The magic dart hits the orc wizard.
The orc wizard is heavily wounded.
The orc wizard casts a spell.
The orc wizard flickers and vanishes!
Deactivating autopickup; reactivate with Ctrl-A.
Casting: Magic Dart
Confirm with . or Enter, or press ? or * to list all spells.
Aiming: Magic Dart
Press: ? - help, Shift-Dir - straight line, f/p - orc priest
Aim: an orc priest, wielding a club and wearing a leather armour (moderately wounded)
The magic dart hits something.
The orc priest invokes the aid of Beogh against you.
Beogh smites you!
Ouch! That really hurt!
You die...

.####################
..)o{..@.........>..#
#o###########.##....#
#.##....# #.##....#
##### #.##....#
....##.##....#
.......+....#
...#.##....##.
..#..........#


You could see 2 orc priests.

Vanquished Creatures
  3 adders
  4 worms
  A dart slug (D:1)
  4 giant geckos
  2 orcs
  3 bats
  4 giant cockroaches
  7 goblins
  2 hobgoblins (D:1)
  4 jackals (D:3)
  12 giant newts
  8 kobolds
  7 rats
61 creatures vanquished.

Notes
Turn   | Place    | Note
--------------------------------------------------------------
     0 | D:1      | Aziraphale the Tengu Conjurer began the quest for the Orb.
     0 | D:1      | Reached XP level 1. HP: 10/10 MP: 4/4
   265 | D:1      | Reached XP level 2. HP: 15/15 MP: 4/6
   686 | D:1      | Reached skill level 6 in Conjurations
  1024 | D:2      | Reached XP level 3. HP: 19/19 MP: 5/7
  1240 | D:2      | Reached skill level 7 in Conjurations
  1643 | D:2      | Found a blossoming altar of Fedhas.
  1759 | D:3      | Learned a level 3 spell: Dazzling Spray
  1792 | D:3      | Reached XP level 4. HP: 24/24 MP: 4/8
  1925 | D:3      | Reached skill level 1 in Hexes
  1949 | D:3      | Found a deep blue altar of Sif Muna.
  1949 | D:3      | Found a burning altar of Makhleb.
  2450 | D:4      | Killed from afar by an orc priest

Skill      XL: |  1  2  3  4 |
---------------+-------------+-----
Conjurations   | 6 7 |  7.0
Hexes          | 1 |  1.2
Dodging        | |  2.1
Stealth        | |  2.0
Spellcasting   | |  2.5

Action                   |  1- 3 |  4- 6 || total
-------------------------+-------+-------++-------
Melee: Short sword       |     7 |       ||     7
       Kick              |     1 |       ||     1
 Cast: Magic Dart        |    72 |    45 ||   117
  Use: Potion            |     1 |       ||     1
  Eat: Chunk             |     4 |     2 ||     6
Armor: Robe              |     1 |       ||     1
Dodge: Dodged            |    16 |       ||    16
